 Dungeon Crawl Stone Soup version 0.31.0-11-ge490571c62 (webtiles) character file.

Game seed: 10279364388967436816

30 Fodor the Trooper (level 3, -2/33 HPs)
             Began as a Minotaur Fighter on Feb 7, 2024.
             Killed from afar by Sigmund (6 damage)
             ... with a magic dart
             ... on level 2 of the Dungeon.
             The game lasted 00:05:09 (802 turns).

Fodor the Trooper (Minotaur Fighter)                 Turns: 802, Time: 00:05:09

Health: -2/33      AC:  7    Str: 28    XL:     3   Next: 3%
Magic:  2/2        EV: 10    Int:  5    God:
Gold:   94         SH:  0    Dex:  9    Spells: 2/2 levels left

rFire   . . .        a - +0 war axe
rCold   . . .        c - +0 buckler
rNeg    . . .        b - +0 scale mail
rPois   .            (helmet restricted)
rElec   .            (no cloak)
rCorr   .            (no gloves)
SInv    .            (no boots)
Will    .....        (no amulet) Stlth
                     i - +6 ring of strength
HPRegen 0.25/turn    (no ring)
MPRegen 0.08/turn

%: no passive effects
@: confused
A: horns 2, retaliatory headbutt
a: no special abilities


You were on level 2 of the Dungeon.
You visited 1 branch of the dungeon, and saw 2 of its levels.

You collected 94 gold pieces.

Inventory:

Hand Weapons
 a - a +0 war axe (weapon)
Armour
 b - a +0 scale mail (worn)
 c - a +0 buckler (worn)
Jewellery
 i - a +6 ring of strength (left hand)
Scrolls
 e - a scroll of poison {unknown}
 f - a scroll of teleportation {unknown}
 j - a scroll of amnesia {unknown}
 k - a scroll of identify {unknown}
 l - a scroll of enchant weapon {unknown}
Potions
 d - a potion of might
 g - a potion of ambrosia {unknown}
 h - a potion of enlightenment {unknown}


   Skills:
 + Level 4.0 Fighting
 + Level 2.8 Axes
 + Level 4.0 Armour
 + Level 0.5 Dodging
 + Level 4.0 Shields


You had 2 spell levels left.
You didn't know any spells.
Your spell library was empty.

Dungeon Overview and Level Annotations

Branches:
Dungeon (2/15)

Altars:

Annotations:
D:2 Sigmund


Innate Abilities, Weirdness & Mutations

You have a pair of horns on your head.
You reflexively headbutt those who attack you in melee.


Message History

You bump into the rock wall.
You miss something.
You hear some strange, mumbled words.
You are more confused.
You bump into the rock wall.
Something hits you but does no damage.
You bump into the rock wall.
Something hits you. Something freezes you.
You miss something. Your headbutt misses something. Something hits you!
Something freezes you.
You bump into the rock wall.
Something hits you but does no damage.
You see here a ball python corpse.
Something completely misses you.
You see here a ball python corpse.
Something hits you. Something freezes you.
You're too confused to move!
You feel less confused. Something hits you. Something freezes you.
* * * LOW HITPOINT WARNING * * *
You barely miss something.
You hear some strange, mumbled words.
A magic dart appears from out of thin air!
The magic dart hits you.
* * * LOW HITPOINT WARNING * * *
You miss something. Something hits you.
* * * LOW HITPOINT WARNING * * *
Something freezes you.
* * * LOW HITPOINT WARNING * * *
You miss something.
Sigmund appears from thin air!
Reactivating autopickup.
Sigmund gestures at you while chanting.
You are confused.
Sigmund barely misses you.
You see here a +0 dagger.
Sigmund barely misses you.
Sigmund points at you and mumbles some strange words.
The puff of flame misses you. Sigmund gestures at you while chanting.
The magic dart hits you.
You die...
Sigmund begins carving another notch in his scythe.

##..### ######
########### ##...##
########## ###..#
#........# ##.##
#........# #..#
#........# ##.#
#........#
#.####........#
#####...##........#
#........@).......#
#.#####.##.)......#
#...@†....###
#####.###.# #.# #
#.. #... #.### #.#


You could see Sigmund.

Vanquished Creatures
  A dart slug (D:1)
  5 ball pythons
  A giant cockroach (D:1)
  A hobgoblin (D:1)
  2 jackals (D:1)
  6 kobolds
  2 quokkas (D:1)
  3 bats (D:1)
  2 frilled lizards
  4 rats
27 creatures vanquished.

Notes
Turn   | Place    | Note
-------+----------+-------------------------------------------
     0 | D:1      | Fodor the Minotaur Fighter began the quest for the Orb.
     0 | D:1      | Reached XP level 1. HP: 19/19 MP: 0/0
    79 | D:1      | Reached XP level 2. HP: 27/27 MP: 1/1
   775 | D:2      | Noticed Sigmund
   777 | D:2      | Reached XP level 3. HP: 33/33 MP: 2/2
   802 | D:2      | Killed from afar by Sigmund

Illustrated notes

Levels and vault maps discovered:
D:1:      psy_arrival_terrarium, layout_loops_ring
D:2:      layout_basic, uniq_robin, uniq_terence, uniq_sigmund

Skill      XL: |  1  2 |
---------------+-------+-----
Fighting       | 4 |  4.0
Armour         | 4 |  4.0
Shields        | 4 |  4.0
Axes           | |  2.8
Dodging        | |  0.5

Action                     || total
---------------------------++-------
  Melee: War axe           ||    61
         Headbutt          ||     5
 Armour: Scale mail        ||    83
  Dodge: Dodged            ||    44
  Block: Buckler           ||    21
